Map: [ESL] Goldenaura

Players

Harstem

  • Race: Protoss Protoss
  • League: Master
  • Spawn Location: 5:00

ShoWTimE - Winner!

  • Race: Protoss Protoss
  • League: Master
  • Spawn Location: 12:00

Event: HomeStory Cup XXV

VOD

Have the link to the VOD?

Description

Time

  • Played on: June 22, 2024, 9:36 a.m.
  • Length: 10:38

All games in this series

Show
View Real Time Build Order
Export as new Build Order

Harstem Protoss 

Build Orders: Phoenix Opening 

Get SALT Encoding   

  12  0:00  Probe  
  13  0:12  Probe  
  14  0:17  Pylon  
  14  0:24  Probe  
  15  0:35  Gateway  
  15  0:36  Probe (Chrono Boost)  
  16  0:46  Assimilator, Probe (Chrono Boost)  
  17  0:51  Probe (Chrono Boost)  
  17  0:54  Assimilator  
  18  1:03  Probe (Chrono Boost)  
  19  1:07  Gateway  
  20  1:12  Probe (Chrono Boost)  
  20  1:17  Probe (Chrono Boost)  
  20  1:23  Cybernetics Core  
  21  1:29  Probe  
  22  1:34  Pylon  
  22  1:41  Probe  
  23  1:53  Probe  
  24  1:59  Warp Gate  
  24  2:00  Stalker  
  26  2:04  Sentry  
  26  2:08  Probe  
  29  2:13  Pylon  
  29  2:27  Probe  
  30  2:31  Sentry  
  30  2:36  Phoenix  
  32  2:39  Nexus  
  32  2:42  Probe  
  33  2:53  Robotics Facility  
  33  2:54  Probe  
  33  2:56  Sentry  
  36  3:04  Pylon  
  36  3:08  Probe  
  37  3:19  Pylon  
  39  3:22  Probe  
  39  3:23  Phoenix  
  38  3:34  Probe (Chrono Boost)  
  39  3:42  Observer (Chrono Boost)  
  39  3:46  Probe (Chrono Boost)  
  39  3:47  Sentry  
  43  3:53  Nexus, Probe (Chrono Boost)  
  43  3:55  Probe (Chrono Boost)  
  45  4:01  Probe  
  46  4:06  Probe  
  46  4:08  Immortal (Chrono Boost)  
  48  4:13  Probe  
  52  4:20  Adept x2  
  56  4:24  Probe  
  56  4:30  Probe  
  58  4:34  Forge  
  58  4:36  Probe  
  59  4:42  Pylon  
  59  4:43  Immortal (Chrono Boost)  
  63  4:46  Probe  
  63  4:48  Probe  
  65  4:54  Assimilator  
  65  4:55  Pylon  
  65  4:59  Probe (Chrono Boost)  
  66  5:00  Protoss Ground Weapons Level 1 (Chrono Boost)  
  66  5:02  Probe (Chrono Boost)  
  66  5:06  Twilight Council  
  67  5:07  Probe (Chrono Boost)  
  69  5:17  Probe (Chrono Boost)  
  69  5:18  Probe (Chrono Boost), Immortal (Chrono Boost)  
  69  5:19  Probe (Chrono Boost)  
  71  5:25  Probe  
  76  5:29  Probe  
  76  5:30  Observer  
  76  5:34  Probe  
  78  5:37  Probe  
  78  5:41  Probe  
  78  5:42  Blink (Chrono Boost)  
  80  5:43  Gateway  
  80  5:46  Probe  
  80  5:47  Gateway  
  81  5:51  Probe  
  81  5:54  Stalker x2  
  81  5:55  Probe  
  87  5:59  Immortal (Chrono Boost)  
  87  6:01  Pylon  
  92  6:04  Probe  
  92  6:09  Gateway  
  92  6:10  Gateway  
  92  6:11  Probe  
  92  6:12  Probe  
  93  6:24  Pylon  
  93  6:25  Nexus  
  93  6:26  Pylon  
  93  6:27  Phoenix  
  93  6:31  Stalker x2  
  93  6:32  Observer  
  98  6:36  Probe, Protoss Ground Weapons Level 2 (Chrono Boost)  
  98  6:39  Probe, Pylon  
  101  6:42  Pylon  
  101  6:43  Assimilator  
  101  6:49  Gateway  
  101  6:50  Gateway  
  100  6:55  Probe x2  
  100  6:57  Stalker  
  100  6:58  Probe  
  105  7:02  Stalker x2  
  105  7:07  Probe  
  105  7:08  Shield Battery, Stalker  
  110  7:14  Stalker x2  
  116  7:17  Probe  
  116  7:19  Shield Battery  
  116  7:21  Stalker, Probe  
  120  7:26  Stalker  
  120  7:27  Stalker  
  120  7:29  Probe  
  125  7:33  Warp Prism (Chrono Boost)  
  125  7:36  Probe  
  118  7:47  Stalker x4  
  118  7:48  Probe  
  125  7:56  Phoenix  
  125  7:58  Probe  
  126  7:59  Stalker x3  
  126  8:02  Pylon  
  132  8:09  Stalker  
  132  8:10  Probe  
  132  8:11  Photon Cannon  
  132  8:12  Probe  
  136  8:15  Stalker x2  
  140  8:20  Stalker  
  140  8:24  Stalker  
  140  8:26  Probe  
  145  8:30  Pylon x2  
  145  8:37  Stalker x3  
  151  8:43  Probe  
  151  8:45  Pylon  
  151  8:48  Stalker x2  
  128  9:06  Stalker x3  
  128  9:07  Stalker  
  104  9:10  Probe x2  
  104  9:11  Zealot x4  
  104  9:13  Probe  
  104  9:15  Assimilator  
  104  9:16  Pylon  
  115  9:19  Observer  
  115  9:21  Probe  
  116  9:27  Probe  
  116  9:31  Assimilator  
  113  9:32  Zealot x8  
  113  9:33  Pylon  
  129  9:40  Probe  
  129  9:44  Probe  
  132  9:48  Gateway  
  132  9:49  Photon Cannon  
  131  9:56  Stalker x5  
  131  9:57  Gateway  
  133  10:02  Stalker x3  
  117  10:20  Stalker x4  
  125  10:25  Nexus  
Show
View Real Time Build Order
Export as new Build Order

ShoWTimE Protoss - Winner!

Build Orders: Phoenix Opening, Blink Stalkers 

Get SALT Encoding   

  12  0:00  Probe  
  13  0:12  Probe  
  14  0:17  Pylon  
  14  0:24  Probe (Chrono Boost)  
  15  0:36  Probe (Chrono Boost)  
  15  0:37  Gateway  
  16  0:44  Probe (Chrono Boost)  
  16  0:46  Assimilator  
  17  0:51  Probe  
  17  0:55  Assimilator  
  18  1:03  Probe (Chrono Boost)  
  19  1:08  Gateway  
  20  1:12  Probe (Chrono Boost)  
  20  1:17  Probe (Chrono Boost)  
  20  1:24  Cybernetics Core  
  21  1:29  Probe  
  22  1:35  Pylon  
  22  1:41  Probe  
  23  1:53  Probe  
  24  2:00  Stalker, Sentry, Warp Gate  
  28  2:11  Pylon  
  28  2:17  Probe  
  29  2:23  Sentry  
  31  2:34  Phoenix  
  31  2:37  Nexus  
  31  2:40  Probe  
  31  2:43  Sentry  
  34  2:49  Shield Battery  
  34  2:53  Probe  
  35  3:02  Twilight Council  
  35  3:05  Probe  
  36  3:11  Pylon  
  36  3:17  Probe (Chrono Boost)  
  37  3:21  Stalker  
  39  3:29  Probe (Chrono Boost)  
  39  3:33  Blink (Chrono Boost)  
  40  3:38  Probe (Chrono Boost)  
  41  3:47  Probe (Chrono Boost)  
  42  3:49  Probe (Chrono Boost)  
  43  3:58  Probe (Chrono Boost)  
  43  3:59  Probe (Chrono Boost)  
  45  4:03  Probe (Chrono Boost)  
  45  4:08  Probe  
  47  4:10  Phoenix  
  47  4:15  Probe  
  47  4:16  Nexus  
  48  4:18  Pylon  
  48  4:20  Probe  
  49  4:27  Probe  
  49  4:29  Stalker x2  
  54  4:33  Probe  
  55  4:38  Shield Battery  
  55  4:39  Assimilator, Probe  
  55  4:45  Probe  
  57  4:50  Forge  
  57  4:51  Probe (Chrono Boost)  
  58  4:59  Robotics Facility  
  59  5:02  Probe (Chrono Boost)  
  59  5:04  Probe (Chrono Boost)  
  60  5:07  Stalker x2  
  60  5:11  Charge (Chrono Boost), Probe (Chrono Boost)  
  60  5:13  Probe (Chrono Boost)  
  66  5:15  Pylon  
  66  5:17  Protoss Ground Weapons Level 1 (Chrono Boost)  
  66  5:18  Probe (Chrono Boost)  
  67  5:24  Probe (Chrono Boost)  
  67  5:26  Phoenix  
  67  5:28  Probe (Chrono Boost)  
  69  5:33  Stalker  
  73  5:36  Probe (Chrono Boost)  
  73  5:38  Probe (Chrono Boost)  
  73  5:39  Probe (Chrono Boost)  
  73  5:40  Stalker  
  77  5:43  Probe x2 (Chrono Boost)  
  77  5:45  Observer  
  77  5:46  Probe  
  80  5:50  Gateway, Phoenix  
  80  5:51  Gateway  
  80  5:54  Probe  
  81  5:58  Stalker  
  83  6:04  Gateway  
  83  6:08  Gateway  
  83  6:12  Warp Prism  
  83  6:15  Gateway  
  85  6:18  Gateway  
  85  6:20  Probe x2  
  87  6:30  Nexus  
  87  6:31  Pylon  
  87  6:33  Pylon  
  87  6:37  Zealot x2  
  87  6:39  Pylon  
  91  6:44  Zealot, Templar Archives  
  93  6:48  Pylon  
  93  6:51  Zealot  
  95  6:57  Protoss Ground Weapons Level 2 (Chrono Boost)  
  95  6:59  Immortal  
  95  7:00  Gateway x2  
  99  7:13  Zealot x5  
  99  7:14  Zealot  
  111  7:17  Zealot  
  111  7:18  Zealot  
  111  7:22  Pylon  
  115  7:23  Probe  
  115  7:24  Probe x2  
  114  7:37  Zealot x5  
  114  7:39  Probe x3  
  114  7:42  Probe  
  114  7:43  Immortal (Chrono Boost)  
  118  8:01  High Templar x2  
  118  8:02  Zealot x2  
  118  8:05  Shield Battery  
  120  8:07  Archon  
  120  8:12  Zealot x3  
  126  8:13  Pylon, Immortal (Chrono Boost)  
  130  8:24  Zealot x3  
  136  8:27  Pylon, High Templar x2  
  136  8:32  Archon  
  140  8:34  Zealot x5  
  148  8:42  Pylon  
  148  8:44  Pylon  
  148  8:49  Zealot x3, Pylon  
  148  8:50  Pylon  
  148  8:51  Observer  
  151  9:01  Zealot x6  
  141  9:05  Zealot  
  139  9:12  Observer  
  139  9:15  Photon Cannon  
  140  9:17  Nexus, Photon Cannon  
  140  9:26  Zealot x8  
  140  9:29  Zealot  
  140  9:30  Zealot  
  156  9:32  Pylon  
  156  9:36  Warp Prism  
  158  9:47  High Templar x2  
  158  9:48  Zealot x5  
  168  10:06  Archon  
  158  10:07  Zealot x2  
  158  10:08  Zealot x2  
  158  10:11  Probe x2  
  158  10:12  Probe  
  158  10:13  Zealot  
  158  10:14  Zealot x3  
  173  10:17  Gateway  
  173  10:19  Gateway  
Tags
 
Add a new tag
Caveats
  • Supply blocks, unpowered buildings, or Contaminate may cause inaccurate times.
  • Supply counts are checked every 10 seconds.